 Dungeon Crawl Stone Soup version 0.29.1-2-gbd0b4ee654 (webtiles) character file.

Game seed: 2304208077169575294

15258 croobank the Spry (level 11, -3/55 HPs)
             Began as a Felid Summoner on Oct 25, 2022.
             Killed from afar by Azrael (24 damage)
             ... with damnation
             ... on level 1 of the Orcish Mines.
             The game lasted 02:15:09 (27576 turns).

croobank the Spry (Felid Summoner)                 Turns: 27576, Time: 02:15:10

Health: -3/55      AC:  3    Str:  4    XL:     11   Next: 99%
Magic:  23/26      EV: 32    Int: 21    God:
Gold:   1010       SH:  5    Dex: 23    Spells: 9/30 levels left
                                        Lives:  0   Deaths: 2

rFire   . . .      SeeInvis +   (weapon unavailable)
rCold   + . .      Faith    .   (shield unavailable)
rNeg    . . .      Spirit   .   (body armour unavailable)
rPois   .          Reflect  +   (helmet unavailable)
rElec   .          Harm     .   (cloak unavailable)
rCorr   +          Rampage  .   (gloves unavailable)
Will    +....                   (boots unavailable)
Stlth   +++.......              B - amulet of reflection
HPRegen 0.18/turn               o - +6 ring of dexterity
MPRegen 0.20/turn               p - ring of resist corrosion

@: swift, very quick
A: very small, claws 1, fangs 3, see invisible, speed 1, shaggy fur 3, stealthy
paws, no weapons or thrown items, no armour, multi-lived
a: no special abilities


You were on level 1 of the Orcish Mines.
You visited 4 branches of the dungeon, and saw 20 of its levels.
You also visited: Ossuary and Gauntlet.

You collected 1486 gold pieces.
You spent 476 gold pieces at shops.

Inventory:

Jewellery
 o - a +6 ring of dexterity (left paw)
 p - a ring of resist corrosion (right paw)
 u - an amulet of magic regeneration
 B - an amulet of reflection (around neck)
 D - a ring of poison resistance
 E - a ring of positive energy
 F - a ring of positive energy
 G - a ring of protection from cold
Wands
 g - a wand of charming (3)
 l - a wand of polymorph (6)
 m - a wand of flame (11)
 q - a wand of quicksilver (12)
 r - a wand of mindburst (4)
 t - a wand of iceblast (11)
 C - a wand of digging (11)
Scrolls
 b - a scroll of butterflies
 h - 6 scrolls of teleportation
 s - a scroll of vulnerability
 x - 3 scrolls of identify
 y - 2 scrolls of amnesia
Potions
 a - 3 potions of magic
 c - 4 potions of curing
 d - a potion of might
 e - 3 potions of lignification
 f - a potion of cancellation
 i - a potion of flight
 n - 2 potions of mutation
 z - 4 potions of attraction
Miscellaneous
 A - a phial of floods (inert)


   Skills:
 + Level 11.4 Fighting
 + Level 15.0 Dodging
 - Level 3.0 Stealth
 - Level 10.0 Spellcasting
 - Level 7.0 Hexes
 - Level 10.0 Summonings
 + Level 8.4 Transmutations
 + Level 8.0 Air Magic


You had 9 spell levels left.
You knew the following spells:

 Your Spells              Type           Power      Damage    Failure   Level
a - Summon Small Mammal   Summ           100%       N/A       1%          1
b - Call Imp              Summ           51%        N/A       1%          2
c - Call Canine Familiar  Summ           51%        N/A       1%          3
d - Summon Guardian Gole  Hex/Summ       46%        N/A       1%          3
e - Summon Lightning Spi  Summ/Air       48%        N/A       1%          4
f - Yara's Violent Unrav  Hex/Tmut       21%        3d10      8%          5
g - Swiftness             Air            44%        N/A       1%          3

Your spell library contained the following spells:

 Spells                   Type           Power      Damage    Failure   Level
 Beastly Appendage        Tmut           90%        N/A       1%          1
 Passwall                 Tmut/Erth      23%        N/A       1%          2
 Wereblood                Tmut           45%        N/A       1%          2
 Confusing Touch          Hex            39%        N/A       1%          3
 Ensorcelled Hibernation  Hex/Ice        50%        N/A       2%          2
 Spider Form              Tmut/Pois      28%        N/A       3%          3
 Apportation              Tloc           20%        N/A       6%          1
 Blink                    Tloc           20%        N/A       10%         2
 Sublimation of Blood     Necr           10%        N/A       10%         2
 Petrify                  Tmut/Erth      28%        N/A       12%         4
 Leda's Liquefaction      Hex/Erth       12%        N/A       16%         4
 Alistair's Intoxication  Tmut/Pois      18%        N/A       32%         5
 Irradiate                Conj/Tmut      14%        3d16      32%         5
 Lee's Rapid Deconstruct  Erth           5%         3d7*      87%         5
 Manifold Assault         Tloc           10%        N/A       87%         5
 Statue Form              Tmut/Erth      18%        N/A       87%         6
 Storm Form               Tmut/Air       22%        N/A       88%         7
 Enfeeble                 Hex            19%        N/A       97%         7


Dungeon Overview and Level Annotations

Branches:
Dungeon (12/15)            Temple (1/1) D:5            Lair (5/5) D:8
 Shoals (0/4) Lair:2       Spider (0/4) Lair:3        Slime (0/5) Lair:4
    Orc (2/2) D:11            Elf (0/3) Orc:2       Ossuary (visited)
Gauntlet (visited)

Altars:
Ashenzari
Cheibriados
Dithmenos
Elyvilon
Fedhas
Gozag
Hepliaklqana
Kikubaaqudgha
Makhleb
Nemelex Xobeh
Okawaru
Qazlal
Ru
Sif Muna
Trog
Uskayaw
Vehumet
Wu Jian
Xom
Yredelemnul
Zin
The Shining One
Jiyva

Shops:
D:7 [   D:9 [:   D:11 =

Annotations:
D:4 2 transporters, Du3lingdragon's ghost, amateur DsAK
D:6 1 runed translucent door, hawla's ghost, novice MeAE
D:10 1 runed translucent door
Lair:2 3 runed translucent doors, Myes Gekk's ghost, journeyman DjHW
Orc:1 Azrael; Jorgrun


Innate Abilities, Weirdness & Mutations

You have sharp claws.
You have razor-sharp teeth.
You have supernaturally acute eyesight. (SInv)
You cover ground quickly. (Speed+)
Your thick and shaggy fur keeps you warm. (AC +3, rC+)
Your paws help you pounce on unaware monsters.
You are incapable of wielding weapons or throwing items.
You cannot wear armour.
You gain extra lives every three experience levels.


Message History

The fireball engulfs Azrael.
Azrael completely resists.
The hell hound completely misses you. Azrael gestures at you.
The bolt of fire misses you.
You hear a shout! x3
There is a stone staircase leading up, spattered with blood here.
The hell hound completely misses you. You block the fire elemental's attack.
Azrael completely misses you. The hell hound completely misses you.
You climb upwards.
Level annotation: Jorgrun You hear a grinding noise.
There is a stone staircase leading down here.
Casting: Swiftness (safe; 1% risk of failure)
Confirm with . or Enter, or press ? or * to list all spells.
Okay, then.
Okay, then.
Aim the phial where?
Press: ? - help, Shift-Dir - straight line, f - Azrael
Aim: Azrael, wielding a +2 scimitar of flaming The torrent of water hits Azrael.
Azrael is lightly wounded.
Azrael is knocked back by the torrent of water.
The wave splashes down.
Azrael is engulfed in water.
The hell hound is engulfed in water.
The fire elemental completely misses you.
You block the hell hound's attack.
Casting: Swiftness (safe; 1% risk of failure)
Confirm with . or Enter, or press ? or * to list all spells.
You feel quick. The fire elemental misses you.
The hell hound splashes around in the water.
The fire elemental completely misses you.
The hell hound completely misses you.
You hear a grinding noise.
The hell hound breathes flames at you. The blast of flame misses you.
Azrael gestures at you. The bolt of fire misses you. Azrael gestures at you.
The sphere of damnation explodes!
The damnation engulfs you!!
You die...

#...............#...........
#...........[...........#.##
##.......#..........##.#####
##.....#.......#....#.##
##.........#<......#...##
#........[..........#...#
##...#...........#.#.#.##
##..#.^.........#.....##
#...#.....@#....##.#.##
##...........##.#######
#.......h.E..###.###
##.###~R.○.........##
##.#~~°>°...........#
#...~~~°...........##
#.....#.......##.###
##............####
#.........#..##


You could see Azrael (unsilenced, waterlogged), a fire elemental and a hell
hound (unsilenced, catching breath, waterlogged).

Vanquished Creatures
  Sonja (D:11)
  2 yaks
  A steam dragon (D:7)
  An acid dragon (D:7)
  A water moccasin (D:7)
  3 orc warriors (Orc:2)
  A centaur (D:6)
  A phantom (D:11)
  An elf zombie (D:4)
  A scorpion (D:6)
  5 electric eels
  3 centaur zombies (Ossuary)
  3 orc priests
  A hound (D:5)
  A human skeleton (D:4)
  An orc wizard (Orc:2)
  3 mummies (Ossuary)
  3 adders
  4 orcs
  An endoplasm (D:1)
  2 giant cockroaches
  A hobgoblin (D:4)
  A quokka (D:5)
  A frilled lizard (D:1)
  3 hobgoblin zombies (Ossuary)
  An orc zombie (D:11)
47 creatures vanquished.

Vanquished Creatures (collateral kills)
  Gastronok (D:11)
  A boulder beetle (Lair:4)
  A hydra (Lair:3)
  A two-headed ogre (D:11)
  Urug (Orc:2)
  2 cyclopes
  2 manticores
  9 elephants
  9 cane toads
  4 komodo dragons
  2 rime drakes
  5 hornets (Lair:5)
  2 polar bears (Lair:5)
  A wind drake (Lair:2)
  6 dream sheep
  A nameless horror (D:7)
  13 blink frogs (Lair:3)
  3 slime creatures (D:12)
  11 spriggans (Lair:5)
  30 yaks
  2 wyverns
  2 fire elementals (Orc:2)
  2 wraiths (D:11)
  3 steam dragons
  3 basilisks
  A warg (Orc:2)
  7 water moccasins
  A hell hound (Orc:2)
  An acid dragon (D:10)
  6 black bears
  2 orc warriors
  2 sky beasts (D:7)
  3 ogres (Orc:2)
  3 boggarts (Lair:5)
  15 wolves
  3 centaurs
  3 phantoms
  An elf zombie (D:4)
  2 kobold brigands (D:10)
  5 bullfrogs
  A gnoll sergeant (D:7)
  3 scorpions
  A troll zombie (D:11)
  4 killer bees
  A centaur zombie (Ossuary)
  4 lava snakes (Lair:1)
  A gnoll bouda (Lair:2)
  A hound (D:6)
  2 human zombies (D:4)
  2 jellies (Lair:4)
  4 orc priests
  A human skeleton (D:4)
  12 orc wizards
  3 hell rats (Lair:5)
  3 ogre zombies (D:11)
  3 mummies (Ossuary)
  10 gnolls
  3 adders
  2 white imps (D:6)
  2 ufetubi
  3 dart slugs
  30 orcs
  10 endoplasms
  2 giant cockroaches (D:2)
  5 hobgoblins
  6 jackals
  A quokka (D:4)
  9 ball pythons
  4 bats
  2 frilled lizards
  13 goblins
  A goblin zombie (D:11)
  4 hobgoblin zombies
  12 kobolds
  An orc skeleton (D:11)
  11 orc zombies (D:11)
  3 rats
352 creatures vanquished.

Vanquished Creatures (others)
  3 hydras
  A boulder beetle (D:11)
  A two-headed ogre (D:7)
  4 spriggans (Lair:5)
  A manticore (D:12)
  An elephant (D:8)
  2 black mambas (Lair:5)
  2 cane toads
  Maggie (D:7)
  A gargoyle (D:11)
  2 komodo dragons (Lair:4)
  2 trolls (D:11)
  3 hornets
  A basilisk (D:8)
  15 yaks
  A water moccasin (D:5)
  2 orc warriors
  An ice beast (D:7)
  2 centaurs
  An ogre (D:5)
  2 killer bees (D:10)
  A howler monkey (D:10)
  2 hounds
  A hell rat (Lair:5)
  2 ogre zombies (D:11)
  An adder (D:5)
  3 gnolls
  An orc (D:8)
  A hobgoblin zombie (D:11)
  An orc zombie (D:11)
  A bush (Lair:3)
  44 fungi
  60 plants
167 creatures vanquished.

Grand Total: 566 creatures vanquished

Notes
Turn   | Place    | Note
-------+----------+-------------------------------------------
     0 | D:1      | croobank the Felid Summoner began the quest for the Orb.
     0 | D:1      | Reached XP level 1. HP: 7/7 MP: 4/4
   132 | D:1      | Found a faded altar of an unknown god.
   232 | D:1      | Reached skill level 3 in Dodging
   331 | D:1      | Reached XP level 2. HP: 11/11 MP: 3/6
   334 | D:1      | Learned a level 2 spell: Call Imp
  1372 | D:2      | Reached XP level 3. HP: 15/15 MP: 2/7
  1376 | D:2      | Learned a level 3 spell: Call Canine Familiar
  1663 | D:2      | Reached skill level 1 in Fighting
  2105 | D:3      | Found an ancient bone altar of Kikubaaqudgha.
  2111 | D:3      | Found a broken altar of Ashenzari.
  2112 | D:3      | Found a blossoming altar of Fedhas.
  2113 | D:3      | Found a stormy altar of Qazlal.
  2432 | D:3      | Reached XP level 4. HP: 19/19 MP: 4/8
  3163 | D:3      | Reached skill level 4 in Dodging
  3243 | D:3      | Reached XP level 5. HP: 14/22 MP: 2/10
  3247 | D:3      | Learned a level 3 spell: Summon Guardian Golem
  3925 | D:4      | Reached skill level 1 in Hexes
  4048 | D:4      | Gained mutation: You are covered in thick fur. (AC +2)
                  | [Felid growth]
  4048 | D:4      | Reached XP level 6. HP: 16/27 MP: 5/11
  4178 | D:4      | Reached skill level 5 in Dodging
  4178 | D:4      | Reached skill level 5 in Summonings
  4219 | D:4      | Found a sand-covered staircase.
  4244 | Ossuary  | Entered an ossuary
  4269 | Ossuary  | Reached XP level 7. HP: 27/31 MP: 3/13
  4547 | D:4      | Found a transporter.
  4551 | D:4      | Noticed Du3lingdragon's ghost (amateur DsAK)
  4639 | D:4      | Found a transporter.
  5151 | D:5      | Entered Level 5 of the Dungeon
  5632 | D:5      | Reached skill level 6 in Dodging
  5751 | D:5      | Reached XP level 8. HP: 11/36 MP: 3/15
  6135 | D:5      | Reached skill level 5 in Hexes
  6273 | D:5      | Found a staircase to the Ecumenical Temple.
  6353 | Temple   | Entered the Ecumenical Temple
  6959 | D:6      | Found a sparkling altar of Nemelex Xobeh.
  6967 | D:6      | Learned a level 4 spell: Summon Lightning Spire
  7044 | D:6      | Noticed hawla's ghost (novice MeAE)
  7125 | D:6      | Got the Reference Book on Spelunking
  7210 | D:6      | Reached skill level 1 in Air Magic
  7514 | D:6      | Found a hazy altar of Hepliaklqana.
  7643 | D:6      | Reached skill level 7 in Dodging
  7735 | D:6      | Found a runed translucent door.
  8139 | D:7      | Found Rurpherph's Armour Boutique.
  8166 | D:7      | Reached skill level 5 in Spellcasting
  8350 | D:7      | Found an opulent altar of Gozag.
  8352 | D:7      | Found a shadowy altar of Dithmenos.
  8354 | D:7      | Reached skill level 5 in Fighting
  8379 | D:7      | Noticed a two-headed ogre
  8432 | D:7      | Reached XP level 9. HP: 24/40 MP: 17/17
  8639 | D:7      | Noticed Maggie
  9107 | D:7      | Killed Maggie
  9108 | D:7      | Reached skill level 8 in Dodging
  9314 | D:7      | Noticed a nameless horror
  9326 | D:7      | Killed a nameless horror
  9536 | D:7      | Killed a two-headed ogre
 10049 | D:8      | Noticed an elephant
 10102 | D:8      | Killed an elephant
 10121 | D:8      | Reached skill level 9 in Dodging
 10158 | D:8      | Reached XP level 10. HP: 46/46 MP: 17/20
 10474 | D:8      | Found a staircase to the Lair.
 10802 | D:8      | Found a shimmering altar of Xom.
 11172 | D:8      | You fall into a shaft and drop 1 floor!
 11172 | D:9      | Found Raluw's Antique Armour Shoppe.
 11862 | D:8      | Learned a level 5 spell: Yara's Violent Unravelling
 12199 | D:9      | Found Nusad's Book Emporium.
 12207 | D:9      | Bought an Inescapable Atlas for 476 gold pieces
 12369 | D:9      | Found a radiant altar of Vehumet.
 12974 | D:9      | Reached skill level 1 in Transmutations
 13078 | Lair:1   | Entered Level 1 of the Lair of Beasts
 13078 | Lair:1   | Noticed a cane toad
 13110 | Lair:1   | Killed a cane toad
 13295 | Lair:1   | Noticed a cane toad
 13336 | Lair:1   | Killed a cane toad
 14153 | Lair:2   | Reached skill level 5 in Air Magic
 14234 | Lair:2   | Found a gate leading to a gauntlet.
 14240 | Gauntlet | Entered a Gauntlet
 14240 | Gauntlet | Noticed a tengu warrior
 14240 | Gauntlet | Found a transporter.
 14240 | Gauntlet | Found a transporter.
 14240 | Gauntlet | Found a transporter.
 14241 | Gauntlet | Found a transporter.
 14242 | Gauntlet | Found a transporter.
 14242 | Gauntlet | Noticed a torpor snail
 14243 | Gauntlet | Noticed an elephant
 14244 | Gauntlet | Noticed an elephant
 14245 | Gauntlet | Found a transporter.
 14247 | Gauntlet | Noticed an ice statue
 14251 | Gauntlet | Found a transporter.
 14259 | Gauntlet | Noticed an elephant
 14282 | Gauntlet | Found a transporter.
 14285 | Gauntlet | Found a transporter.
 14290 | Gauntlet | Noticed a green death
 14293 | Gauntlet | Noticed an orange demon
 14294 | Gauntlet | Found a transporter.
 14312 | Gauntlet | Found a transporter.
 14321 | Gauntlet | Noticed a hell hog
 14330 | Gauntlet | Found a transporter.
 14423 | Lair:2   | Reached skill level 10 in Dodging
 14523 | Lair:2   | Noticed a cane toad
 14539 | Lair:2   | Killed a cane toad
 14629 | Lair:2   | Noticed a cane toad
 14658 | Lair:2   | Killed a cane toad
 14659 | Lair:2   | Reached XP level 11. HP: 50/50 MP: 15/22
 15054 | Lair:2   | Found a staircase to the Shoals.
 15140 | Lair:2   | Found a runed translucent gate.
 15142 | Lair:2   | Found a runed translucent gate.
 15143 | Lair:2   | Noticed a five-headed hydra
 15144 | Lair:2   | Found a runed translucent gate.
 15145 | Lair:2   | Noticed a minotaur
 15146 | Lair:2   | Noticed Myes Gekk's ghost (journeyman DjHW)
 15826 | Lair:3   | Noticed a four-headed hydra
 15842 | Lair:3   | Killed a four-headed hydra
 17199 | Lair:3   | Found a hole to the Spider Nest.
 17544 | Lair:3   | Reached skill level 11 in Dodging
 17562 | Lair:3   | Noticed a seven-headed hydra
 17571 | Lair:3   | Killed a seven-headed hydra
 17572 | Lair:3   | Reached skill level 5 in Transmutations
 17821 | Lair:3   | You fall into a shaft and drop 2 floors!
 17821 | Lair:5   | Entered Level 5 of the Lair of Beasts
 17822 | Lair:5   | Noticed a spriggan rider
 17825 | Lair:5   | Noticed a six-headed hydra
 17869 | Lair:4   | Noticed a boulder beetle
 18112 | Lair:3   | Gained mutation: Your thick and shaggy fur keeps you warm.
                  | (AC +3, rC+) [Felid growth]
 18112 | Lair:3   | Reached XP level 12. HP: 56/56 MP: 22/25
 19197 | Lair:4   | Killed a boulder beetle
 19647 | Lair:4   | Reached skill level 12 in Dodging
 19673 | Lair:4   | Reached skill level 10 in Summonings
 20111 | Lair:4   | Found a staircase to the Slime Pits.
 20112 | Lair:4   | Found a viscous altar of Jiyva.
 20443 | Lair:5   | Noticed a six-headed hydra
 20871 | Lair:5   | Killed a six-headed hydra
 21201 | Lair:5   | Reached skill level 13 in Dodging
 21423 | Lair:5   | Reached XP level 13. HP: 46/61 MP: 25/27
 21619 | Lair:5   | Reached skill level 10 in Fighting
 22385 | Lair:5   | Reached skill level 10 in Spellcasting
 22422 | Lair:5   | Reached skill level 14 in Dodging
 22858 | D:10     | Entered Level 10 of the Dungeon
 23719 | D:10     | Found a runed translucent door.
 24180 | D:11     | Found a staircase to the Orcish Mines.
 25132 | D:11     | Found Momic's Jewellery Boutique.
 25235 | D:11     | Noticed Sonja
 25249 | D:11     | Killed Sonja
 25429 | D:11     | Noticed Gastronok
 25458 | D:11     | Killed Gastronok
 26321 | Orc:1    | Entered Level 1 of the Orcish Mines
 27076 | Orc:1    | Learned a level 3 spell: Swiftness
 27077 | Orc:2    | Entered Level 2 of the Orcish Mines
 27077 | Orc:2    | Found a staircase to the Elven Halls.
 27103 | Orc:2    | Noticed Urug
 27187 | Orc:2    | Killed Urug
 27342 | Orc:2    | Shot with an arrow by a centaur warrior
 27343 | Orc:2    | Reached XP level 12. HP: -1/60 MP: 23/27
 27479 | Orc:2    | Reached skill level 15 in Dodging
 27524 | Orc:1    | Noticed a two-headed ogre
 27525 | Orc:1    | Noticed Jorgrun
 27536 | Orc:1    | Mangled by a two-headed ogre
 27537 | Orc:1    | Reached XP level 11. HP: -9/55 MP: 4/26
 27568 | Orc:2    | Noticed Azrael
 27576 | Orc:1    | Killed from afar by Azrael

Illustrated notes

Levels and vault maps discovered:
D:1:      lightli_arrival_farm, layout_basic, dreamdust_ecumenical_altar_statues
D:2:      layout_loops_ring, minmay_cut_off
D:3:      layout_basic, minitemple, serial_rivers,
          chequers_serial_rivers_micro_c, chequers_serial_rivers_room_a,
          chequers_serial_rivers_large_a, chequers_serial_rivers_marsh,
          chequers_serial_rivers_room_a, minmay_misc_feat_iff,
          kennysheep_another_room, minmay_misc_feat_columns
D:4:      layout_loops_ring, gammafunk_ghost_stat_death,
          nicolae_ossuary_entry_catacombs
D:5:      layout_basic, minmay_temple_entry_large_hall
D:6:      layout_gridville, mainiacjoe_overflow_paths,
          nzn_hepliaklqana_mist_gate, hellmonk_ghost_happy_afterlife
D:7:      layout_cave_pools, jmf_multi_god_temple, serial_shops,
          nicolae_stop_n_shop_1, uniq_maggie
D:8:      layout_loops_ring, mainiacjoe_overflow_chevrons, david_lair_generic
D:9:      layout_stronghold, lemuel_coloured_pillars_altar, enter_bailey_4,
          serial_shops, shop, shop
D:10:     layout_long_grid, minmay_misc_feat_roman, chequers_mini_garden,
          lightli_church_of_beogh
D:11:     layout_roguey, zombieorc1_lemuel, serial_shops, nicolae_shop_stone,
          serial_bayou_ford_a, minivault_4, uniq_sonja, uniq_gastronok
D:12:     layout_cave_pools, uniq_snorg
Temple:   nicolae_temple_bog_church
Lair:1:   layout_gridlike, nicolae_lair_liquid_snakes, grunt_megastairs_5
Lair:2:   wander_river, layout_layer_cave, minmay_shoals_entry_beasts,
          maelrawn_ghost_gauntlet_escape, gauntlet_entry_generic,
          dreamdust_gnoll_shepherd
Lair:3:   layout_regular_city, dummy_spider_entry
Lair:4:   layout_roguey, nicolae_slime_entry_slimehenge
Lair:5:   minmay_lair_end_enchanted_forest, layout_cave_shapes,
          chequers_serial_rivers_micro_b, chequers_serial_rivers_small_3
Orc:1:    layout_caves, uniq_jorgrun
Orc:2:    st_orc_rangers, layout_caves, serial_shops, nicolae_shop_hallway_plus,
          uniq_urug, uniq_azrael, uniq_donald

Skill      XL: |  1  2  3  4  5  6  7  8  9 10 11 12 13 |
---------------+----------------------------------------+-----
Dodging        | 3 4 5 6 7 9 10 11 15 14 | 15.0
Stealth        | 3 |  3.0
Fighting       | 1 2 3 4 5 6 7 8 9 11 | 11.4
Spellcasting   | 3 4 5 6 7 8 9 10 | 10.0
Hexes          | 1 3 4 5 6 7 |  7.0
Summonings     | 5 6 7 8 9 10 | 10.0
Air Magic      | 2 4 5 6 7 8 |  8.0
Transmutations | 3 5 7 8 |  8.4

Action                   |  1- 3 |  4- 6 |  7- 9 | 10-12 | 13-15 || total
-------------------------+-------+-------+-------+-------+-------++-------
Melee: Unarmed           |     7 |    35 |    40 |    38 |    12 ||   132
       Bite              |       |     6 |     3 |     4 |     1 ||    14
       Punch             |       |       |       |     1 |       ||     1
 Cast: Summon Small Mamm |    43 |    29 |    57 |    38 |    22 ||   189
       Call Imp          |    14 |     5 |    17 |    17 |    10 ||    63
       Call Canine Famil |    11 |    19 |    32 |    48 |    31 ||   141
       Summon Guardian G |       |     1 |    19 |    34 |    38 ||    92
       Summon Lightning  |       |       |    15 |   107 |    74 ||   196
       Swiftness         |       |       |       |     2 |     2 ||     4
       Yara's Violent Un |       |       |       |     6 |     3 ||     9
Evoke: Wand              |       |       |    13 |     3 |    10 ||    26
       Phial of floods   |       |       |       |     1 |       ||     1
  Use: Scroll            |       |     6 |    14 |    14 |     3 ||    37
       Potion            |       |     1 |     5 |     4 |     4 ||    14
 Stab: Distracted        |       |     1 |     1 |     2 |     1 ||     5
       Sleeping          |       |       |     3 |       |       ||     3
Armor: Skin              |       |     4 |     6 |     5 |     9 ||    24
Dodge: Dodged            |    18 |    32 |   114 |   272 |   208 ||   644
Block: Other             |       |       |       |     2 |       ||     2
